 Dungeon Crawl Stone Soup version 0.27.0-1-g7a089689b8 (webtiles) character file.

Game seed: 8931152070557175835

221 thirtiethelement the Skirmisher (level 5, 0/42 HPs)
             Began as a Demonspawn Abyssal Knight on Aug 9, 2021.
             Was a Believer of Lugonu.
             Slain by Grinder (4 damage)
             ... on level 4 of the Dungeon.
             The game lasted 00:09:29 (3804 turns).

thirtiethelement the Skirmisher (DsAK)              Turns: 3804, Time: 00:09:30

Health: 0/42       AC:  7    Str: 14    XL:     5   Next: 65%
Magic:  7/7        EV:  9    Int: 19    God:    Lugonu [**....]
Gold:   102        SH:  7    Dex: 12    Spells: 4/4 levels left

rFire    . . .     SeeInvis .   a - +1 falchion
rCold    . . .     Faith    .   p - +0 kite shield
rNeg     . . .     Spirit   .   b - +0 leather armour
rPois    .         Reflect  .   (helmet restricted)
rElec    .         Harm     .   j - scarf {+Inv}
rCorr    .         Rampage  .   (no gloves)
Will     .....                  (no boots)
Stlth    +.........             (no amulet)
HPRegen  0.14/turn              c - +4 ring of protection
MPRegen  0.20/turn              n - +6 ring of intelligence

@: no status effects
A: antennae 1, talons 1, demonic guardian 1, magic regeneration
a: Renounce Religion, Evoke Invisibility, Depart the Abyss, Bend Space


You were on level 4 of the Dungeon.
You worshipped Lugonu.
Lugonu was pleased with you.
You visited 1 branch of the dungeon, and saw 4 of its levels.
You visited the Abyss 1 time.

You collected 102 gold pieces.

Inventory:

Hand Weapons
 a - a +1 falchion (weapon)
 d - a +0 long sword
Missiles
 i - a boomerang (quivered)
 u - a throwing net
Armour
 b - a +0 leather armour (worn)
 j - a scarf of invisibility (worn)
 p - a +0 kite shield (worn)
Jewellery
 c - a +4 ring of protection (left hand)
 n - a +6 ring of intelligence (right hand)
Wands
 r - a wand of iceblast (7)
Scrolls
 e - a scroll of blinking
 f - 2 scrolls of teleportation
 g - a scroll of identify
 h - 2 scrolls of immolation {unknown}
 k - 2 scrolls of magic mapping
 l - a scroll of silence {unknown}
 m - a scroll of summoning {unknown}
 o - 2 scrolls of acquirement {unknown}
 q - a scroll of holy word {unknown}
 s - a scroll of enchant weapon {unknown}
Potions
 t - 3 potions of cancellation {unknown}
 v - a potion of resistance {unknown}


   Skills:
 + Level 4.0 Fighting
 + Level 3.7 Long Blades
 + Level 2.3 Armour
 + Level 2.3 Dodging
 + Level 0.3 Stealth
 + Level 0.2 Shields
 + Level 2.8 Invocations


You had 4 spell levels left.
You didn't know any spells.
Your spell library contained the following spells:

 Spells                   Type           Power      Damage    Failure   Level
 Leda's Liquefaction      Hex/Erth       0%         N/A       100%        4
 Bolt of Magma            Conj/Fire/Erth 0%         4d4       100%        5
 Statue Form              Tmut/Erth      0%         N/A       100%        6


Dungeon Overview and Level Annotations

Branches:
Dungeon (4/15)
 Temple: D:4-7

Altars:
Fedhas

Shops:
D:3 :

Annotations:
D:4 Grinder


Innate Abilities, Weirdness & Mutations

You have a pair of small antennae on your head.
You have sharp toenails.
A weak demonic guardian rushes to your aid.
You regenerate magic rapidly.


Message History

Press: ? - help, Q - select action, (/) - cycle Shift-Dir - straight line, f/p - Grinder
Aim: Grinder (heavily wounded, 53% to hit)
You throw a boomerang.
The boomerang hits Grinder but does no damage.
Grinder is heavily wounded.
You barely miss Grinder.
Grinder is heavily wounded.
You block Grinder's attack.
Grinder blinks!
Throw: 2 boomerangs
Press: ? - help, Q - select action, (/) - cycle Shift-Dir - straight line, f/p - Grinder
Aim: Grinder (heavily wounded, 53% to hit)
You throw a boomerang. The boomerang barely misses Grinder.
Grinder blinks!
You barely miss Grinder. You claw Grinder.
Grinder is severely wounded.
You block Grinder's attack. Grinder gestures at you.
You suddenly lose the ability to move!
Grinder gestures at you. Pain shoots through your body! Grinder hits you.
* * * LOW HITPOINT WARNING * * *
A demonic guardian appears!
You can move again.
You hit Grinder.
Grinder is severely wounded.
Grinder gestures at you. Pain shoots through your body!
* * * LOW HITPOINT WARNING * * *
Your shadow imp hits Grinder.
Unknown command.
You barely miss Grinder. Your kick misses Grinder.
Grinder is almost dead.
Grinder hits you but does no damage.
Your shadow imp hits Grinder but does no damage.
Grinder barely misses you.
You closely miss Grinder.
Grinder is almost dead.
Your shadow imp barely misses Grinder.
Grinder hits you.
You die...

.............## ..............#
............... #............##..
##............#.. # #..
#................ ###
####..###................ ##..
##.#.....#...55@..........###...
##...........##..................
............# #..##.#........#..≈
............# ##.## ##....#.##.≈≈
..#.........###...###..####.#..≈≈
.. #.........##...##.......##.≈≈≈
. #.#...#.....#..##..........≈≈≈
# ####..###...........#.#.....≈≈≈
###.#..## #....#......#........≈≈


You could see Grinder (ally target) and a friendly shadow imp (summoned).

Vanquished Creatures
  An iguana (D:3)
  Natasha (D:3)
  2 adders
  2 worms (D:2)
  A dart slug (D:2)
  3 orcs
  5 bats
  6 endoplasms
  4 giant cockroaches
  6 goblins
  8 hobgoblins
  7 jackals
  3 quokkas
  5 ball pythons
  A frilled lizard (D:3)
  4 kobolds
  4 rats
63 creatures vanquished.

Vanquished Creatures (collateral kills)
  A water moccasin skeleton (D:4)
  A bullfrog skeleton (D:4)
  2 orcs (D:4)
4 creatures vanquished.

Grand Total: 67 creatures vanquished

Notes
Turn   | Place    | Note
-------+----------+-------------------------------------------
     0 | Abyss:1  | thirtiethelement the Demonspawn Abyssal Knight began the
                  | quest for the Orb.
     0 | Abyss:1  | Reached XP level 1. HP: 18/18 MP: 2/2
    38 | Abyss:1  | Noticed a mana viper
    39 | Abyss:1  | Noticed an ancient zyme
    39 | Abyss:1  | Noticed a floating eye
    39 | Abyss:1  | a mana viper changed into a floating eye
    43 | Abyss:1  | Noticed a tarantella
    43 | Abyss:1  | a floating eye changed into a tarantella
    45 | Abyss:1  | Noticed a fire crab
    45 | Abyss:1  | a tarantella changed into a fire crab
    46 | Abyss:1  | Noticed a starcursed mass
    46 | Abyss:2  | Found a corrupted altar of Lugonu.
    88 | Abyss:3  | Found a corrupted altar of Lugonu.
    88 | Abyss:3  | Noticed a lightning spire
    88 | Abyss:3  | Noticed a raiju
    88 | Abyss:3  | Noticed a smoke demon
    88 | Abyss:3  | Noticed a lightning spire
    88 | Abyss:3  | Noticed a blizzard demon
    88 | Abyss:3  | Noticed a raiju
    88 | Abyss:3  | Noticed a lightning spire
    88 | Abyss:3  | Noticed a merfolk impaler
    88 | Abyss:3  | Noticed a lightning spire
    88 | Abyss:3  | Noticed a raiju
    88 | Abyss:3  | Noticed a blizzard demon
    88 | Abyss:3  | Noticed a lightning spire
    88 | Abyss:3  | Noticed a smoke demon
    88 | Abyss:3  | Noticed a raiju
    88 | Abyss:3  | Noticed a lightning spire
    89 | D:1      | Escaped the Abyss
   360 | D:1      | Reached skill level 1 in Dodging
   505 | D:1      | Gained mutation: You regenerate magic rapidly. [demonic
                  | ancestry]
   505 | D:1      | Reached XP level 2. HP: 21/24 MP: 3/3
   582 | D:1      | Reached * piety under Lugonu
   686 | D:1      | Found a faded altar of an unknown god.
  1076 | D:2      | Gained mutation: You have a pair of small antennae on your
                  | head. [demonic ancestry]
  1076 | D:2      | Reached XP level 3. HP: 17/29 MP: 3/5
  2160 | D:3      | Gained mutation: You have sharp toenails. [demonic
                  | ancestry]
  2160 | D:3      | Reached XP level 4. HP: 10/35 MP: 6/6
  2416 | D:3      | Reached ** piety under Lugonu
  2811 | D:3      | Noticed Natasha
  2816 | D:3      | Killed Natasha
  2817 | D:3      | Gained mutation: A weak demonic guardian rushes to your
                  | aid. [demonic ancestry]
  2817 | D:3      | Reached XP level 5. HP: 37/42 MP: 7/7
  2887 | D:3      | Found Qackask's Book Shoppe.
  3017 | D:4      | HP: 1/42 [orc (10)]
  3499 | D:4      | Reached skill level 4 in Fighting
  3694 | D:4      | Found a blossoming altar of Fedhas.
  3768 | D:4      | Noticed Grinder
  3769 | D:4      | Paralysed by Grinder for 7 turns
  3781 | D:4      | Paralysed by Grinder for 3 turns
  3787 | D:4      | Paralysed by Grinder for 2 turns
  3790 | D:4      | Paralysed by Grinder for 5 turns
  3799 | D:4      | Paralysed by Grinder for 3 turns
  3804 | D:4      | Slain by Grinder

Illustrated notes

Levels and vault maps discovered:
D:1:      ebering_hopf_link, layout_basic, chequers_ecumenical_altar_simple
D:2:      layout_basic
D:3:      layout_basic, serial_shops, nicolae_shop_waterfront,
          kennysheep_generic_room_13, uniq_natasha
D:4:      layout_cave_pools, fedhas_ov_isle_minmay, chequers_avenue,
          uniq_grinder

Skill      XL: |  1  2  3  4  5 |
---------------+----------------+-----
Dodging        | 1 2 |  2.3
Long Blades    | 2 3 |  3.7
Armour         | 2 |  2.3
Fighting       | 4 |  4.0
Stealth        | |  0.3
Shields        | |  0.2
Invocations    | |  2.8

Action                   |  1- 3 |  4- 6 || total
-------------------------+-------+-------++-------
Melee: Falchion          |   114 |    91 ||   205
       Kick              |       |    32 ||    32
Throw: Boomerang         |       |    11 ||    11
Invok: Depart the Abyss  |     1 |       ||     1
  Use: Scroll            |       |     4 ||     4
       Potion            |       |     1 ||     1
Armor: Leather armour    |    48 |    44 ||    92
Dodge: Dodged            |    83 |    46 ||   129
Block: Kite shield       |       |    39 ||    39
       Rpst.: Falchion   |    31 |    15 ||    46
